[Event "*** Qualifier 4: Titled Tuesday 3|2 Blitz"]
[Site "Chess.com"]
[Date "2017.04.25"]
[Round "2"]
[White "Abrito99"]
[Black "korason34"]
[Result "1-0"]
[WhiteElo "2292"]
[BlackElo "2329"]
[TimeControl "180+2"]
[EndTime "13:23:32 PDT"]
[Termination "Abrito99 won by checkmate"]

1. e4 c5 2. Nf3 d6 3. d4 cxd4 4.
Nxd4 Nf6 5. Nc3 a6 6. f3 e5 7. Nb3 Be7 8. Be3 h5 9. Qd2 Be6 10. Nd5 Bxd5 11. exd5 O-O 12. Be2 Nbd7 13. O-O Re8 14. h3 b6 15. f4 Bf8 16. Rae1 Qc7 17. c4 a5 18. Na1 Ne4 19. Qc1 Ndc5 20. Rf3 Be7 21. Nc2 Bh4 22. Rd1 Ng3 23. Bf1 e4 24.
Rxg3 Bxg3 25. Nd4 Qd7 26. Be2 Nd3 27. Qd2 g6 28. Rf1 f5 29. Ne6 Rxe6 30. dxe6 Qxe6 31. Bxd3 exd3 32. Qxd3 h4 33. Bf2 Bxf4 34. Bxh4 Qe3+ 35. Qxe3 Bxe3+ 36. Bf2 Bxf2+ 37. Rxf2 Rc8 38. b3 Kf7 39. Re2 a4 40. Kf2 axb3 41. axb3 Ra8 42.
Kf3 Ra3 43. Re3 Ra2 44. Rd3 Ke6 45. Re3+ Kd7 46. g4 fxg4+ 47. Kxg4 Rg2+ 48. Rg3 Rxg3+ 49.
Kxg3 Ke6 50. Kf4 Kf6 51. h4 Kf7 52. Kg5 Kg7 53. Kg4 Kh6 54. b4 Kh7 55. Kf4 Kg7 56. Ke4 Kh6 57. Kd5 Kh5 58. Kxd6 Kxh4 59. c5 bxc5 60. bxc5 g5 61. c6 g4 62. c7 g3 63. c8=Q g2 64. Qg8 Kh3 65. Ke5 Kh2 66.
Qh7+ Kg3 67. Qg6+ Kf2 68. Qf5+ Kg3 69. Qg5+ Kf2 70. Qf4+ Ke2 71. Qg3 Kf1 72. Qf3+ Kg1 73. Kf4 Kh2 74. Qg3+ Kh1 75. Qh4+ Kg1 76. Kf3 Kf1 77.
Qf2# 1-0

[Event "*** Qualifier 4: Titled Tuesday 3|2 Blitz"]
[Site "Chess.com"]
[Date "2017.04.25"]
[Round "2"]
[White "daro94"]
[Black "L3on4rdo"]
[Result "1-0"]
[WhiteElo "2727"]
[BlackElo "2379"]
[TimeControl "180+2"]
[EndTime "13:23:36 PDT"]
[Termination "daro94 won by resignation"]

1. e4 e6 2. Nf3 d5 3. Nc3 d4 4.
Ne2 c5 5. Ng3 Nc6 6. Bb5 Ne7 7.
O-O a6 8. Bxc6+ Nxc6 9. d3 e5 10. Bg5 f6 11. Bd2 Be6 12. Ne1 Bd6 13. f4 exf4 14. Bxf4 Bxf4 15. Rxf4 O-O 16. Qh5 Qe7 17. Nf5 Bxf5 18. Qxf5 Ne5 19. Qh3 c4 20. b3 cxb3 21.
axb3 Rac8 22. Qg3 Qd6 23. Rf5 Rfd8 24. Ra5 Nc6 25. Qxd6 Rxd6 26. Ra4 Ne5 27. h3 Kf7 28. Kf1 Ke6 29. Ke2 b5 30. Ra1 Rdc6 31. Kd2 g6 32. Rf4 R8c7 33. Ra2 Nd7 34. Nf3 Rd6 35. h4 Ne5 36. g4 Nxf3+ 37. Rxf3 Rc5 38. Rf1 h5 39. Rg1 hxg4 40. Rxg4 Rh5 41. Rxg6 Rxh4 42. Rg2 Ke5 43. Rf2 Rf4 44. Rh2 f5 45. exf5 Rf6 46. Re2+ Kd5 47.
Re6 R4xf5 48. Rexa6 Rf2+ 49. Kc1 Rxa6 50. Rxa6 Kc5 51.
Kb2 Kb4 52. Ra1 Rf4 53. Ra8 Rh4 54. Rd8 Rg4 55. Rd7 Rh4 56. Rd8 Rg4 57. Rh8 Kc5 58.
Rh5+ Kb4 59. Rd5 Rh4 60. Rxd4+ Rxd4 61. c3+ Kc5 62. cxd4+ Kxd4 63. Kc2 Kc5 64. Kc3 b4+ 65. Kc2 Kd5 66. Kd1 Ke5 67. Ke2 Kf4 68. Kf2 Ke5 69.
Ke3 Kd5 70. d4 1-0

[Event "*** Qualifier 4: Titled Tuesday 3|2 Blitz"]
[Site "Chess.com"]
[Date "2017.04.25"]
[Round "2"]
[White "plouarzel"]
[Black "jcibarra"]
[Result "0-1"]
[WhiteElo "2434"]
[BlackElo "2678"]
[TimeControl "180+2"]
[EndTime "13:23:41 PDT"]
[Termination "jcibarra won by resignation"]

1. e4 e5 2. f4 d5 3. exd5 exf4 4. Nf3 Nf6 5. Bc4 Nxd5 6. Bxd5 Qxd5 7. Nc3 Qf5 8. d4 Bd6 9. Qe2+ Kd8 10. O-O Re8 11. Qb5 a6 12. Qb3 Nc6 13. Bd2 g5 14. d5 Ne5 15. Nxe5 Rxe5 16. g3 f3 17. Nd1 Bc5+ 18. Nf2 Re2 19. Qc3 Bb6 20. Rad1 Bd7 21. Qh8+ Be8 22. Qg7 Rxd2 23. Rxd2 Qh3 24. Qf6+ Kc8 25.
Qxf3 f5 26. Qg2 Qh6 27. Kh1 Kb8 28. Nd3 Qf6 29. c4 Bd4 30. Qf3 Bg6 31. Re2 Ka7 32.
Re6 Qf8 33. Ne5 Qc5 34. Nxg6 hxg6 35. Rxg6 Qxc4 36. Rxg5 Re8 37. b3 Qc2 38. Rxf5 Re2 39. Rh5 Qxa2 40. Rh4 Bb6 41. d6 Re3 42. Qd5 c6 43.
Qg2 Re2 44. Qf3 Re3 45. Qf7 Qc2 46. Qf5 Qe2 47. d7 Rd3 48. Rhf4 Rd2 49. Qh3 Qd3 50.
Rf7 Qd5+ 51. R7f3 Rd1 52. Qg2 Rd2 53. Qh3 a5 54. d8=Q Qxd8 55. Qf5 Qd4 56. Qf4 Qb2 57. g4 Rd4 58. Qg3 Rd2 59. g5 Qg7 60. g6 Rd6 61. Rf6 Rxf6 62. Ra1 Rxg6 63. Qe1 Rg1+ 64. Qxg1 Bxg1 65.
Rxg1 Qd4 0-1

[Event "*** Qualifier 4: Titled Tuesday 3|2 Blitz"]
[Site "Chess.com"]
[Date "2017.04.25"]
[Round "2"]
[White "sergiochess83"]
[Black "wnstop"]
[Result "1-0"]
[WhiteElo "2719"]
[BlackElo "2469"]
[TimeControl "180+2"]
[EndTime "13:23:50 PDT"]
[Termination "sergiochess83 won by resignation"]

1. e4 c5 2. Nf3 Nc6 3. Bb5 g6 4.
O-O Bg7 5. Re1 e5 6. Nc3 Nge7 7. a3 O-O 8. d3 a6 9. Bc4 h6 10. Bd2 d6 11. h3 Kh7 12. Nd5 Nxd5 13. Bxd5 Ne7 14.
Ba2 f5 15. b4 b6 16. Rb1 f4 17. c3 g5 18. bxc5 bxc5 19. d4 g4 20. hxg4 Bxg4 21.
Ng5+ hxg5 22. Qxg4 Ng8 23. Rb7 Nh6 24. Qe6 Re8 25. Qd5 cxd4 26. cxd4 Qf6 27. Rc1 Rac8 28.
Rc6 Rxc6 29. Qxc6 Rd8 30. Ba5 Rh8 31. Rd7 g4 32. Qxd6 Qxd6 33. Rxd6 exd4 34. Bb1 Rb8 35. Bb6 Nf7 36. Re6 Ne5 37. Ba2 d3 38. Bb3 f3 39.
gxf3 Nxf3+ 40. Kg2 d2 41. Bd1 Nd4 42. Bxd4 Bxd4 43. Rd6 Bb2 44. Rxd2 Bxa3 45. Bxg4 Rg8 46. Kf3 a5 47. Bf5+ Kg7 48. e5 Bb4 49. Rd7+ Kh6 50.
Kf4 Rg7 51. Rd8 Re7 52. Ke4 Kg7 53. Ra8 Bc3 54. f4 Rb7 55. Be6 Rb6 56. Kf5 Rb7 57.
Ra6 Re7 58. Bd5 Re8 59. Ra7+ Kh6 60. Ke4 Kg6 61. Bf7+ 1-0

[Event "*** Qualifier 4: Titled Tuesday 3|2 Blitz"]
[Site "Chess.com"]
[Date "2017.04.25"]
[Round "2"]
[White "Alex_Molchanov"]
[Black "rubhani"]
[Result "1/2-1/2"]
[WhiteElo "2434"]
[BlackElo "2397"]
[TimeControl "180+2"]
[EndTime "13:23:53 PDT"]
[Termination "Game drawn - insufficient material"]

1. d4 Nf6 2. c4 e6 3. Nf3 b6 4. g3 Bb7 5. Bg2 g6 6. O-O Bg7 7. Nc3 O-O 8. Qc2 d5 9. cxd5 Nxd5 10. Rd1 Nd7 11. e4 Nxc3 12. bxc3 Rc8 13. Qa4 a6 14. Ba3 Re8 15. Rac1 Bxe4 16. c4 Rb8 17.
Qb3 b5 18. c5 Bd5 19. Qc2 b4 20. Bb2 b3 21. Qe2 bxa2 22. Nh4 Nf6 23. Ba1 Bxg2 24. Nxg2 Qd5 25. Ne3 Qb3 26. Rc2 Nd5 27. Rxa2 Nxe3 28. fxe3 Bh6 29. Rd3 Qc4 30. Rd1 Bxe3+ 31. Kg2 Qd5+ 32.
Kh3 Rb4 33. Ra3 Bxd4 34. Rad3 e5 35. Bxd4 Rxd4 36. Rxd4 Qe6+ 37. Kg2 exd4 38. Qxe6 Rxe6 39. Rxd4 Re2+ 40. Kh3 Rc2 41. Rd8+ Kg7 42. Ra8 Rxc5 43. Rxa6 h5 44. Kg2 Rc2+ 45. Kg1 c5 46. h4 c4 47. Rc6 c3 48. Kh1 Rc1+ 49. Kg2 c2 50. Kh2 f5 51. Kg2 Kf7 52. Kh2 Ke7 53. Kg2 Kd7 54. Rc3 Ke6 55.
Rc6+ Ke5 56. Rc8 Ke6 57. Rc6+ Kd7 58. Rc3 g5 59. hxg5 Ke6 60. Rc6+ Kf7 61. Kh2 h4 62. gxh4 f4 63. h5 f3 64. h6 f2 65. Rf6+ Kg8 66.
Rxf2 Rg1 67. Rxc2 Rxg5 68. Rc6 Kh7 69. Kh3 Rh5+ 70. Kg4 Rxh6 71. Rc7+ Kg8 72. Kg5 Ra6 73. Rc5 Rb6 74. Rd5 Ra6 75. Rb5 Rc6 76. Rf5 Ra6 77.
Rc5 Rb6 78. Rc8+ Kg7 79. Rc7+ Kg8 80. Rc5 Kg7 81. Rf5 Kg8 82. Rf6 Rxf6 83. Kxf6 1/2-1/2

[Event "*** Qualifier 4: Titled Tuesday 3|2 Blitz"]
[Site "Chess.com"]
[Date "2017.04.25"]
[Round "2"]
[White "amaidel"]
[Black "RichardLeyvaP"]
[Result "0-1"]
[WhiteElo "2414"]
[BlackElo "2405"]
[TimeControl "180+2"]
[EndTime "13:23:56 PDT"]
[Termination "RichardLeyvaP won by resignation"]

1. e4 e5 2. Nf3 Nc6 3. Bc4 Bc5 4.
d3 Nf6 5. O-O a6 6. a4 Ba7 7.
Bg5 h6 8. Bh4 g5 9. Bg3 d6 10.
Nc3 Bg4 11. h3 Bh5 12. Nb1 Rg8 13. c3 g4 14. hxg4 Bxg4 15. Nbd2 Nh5 16. Bh4 Qd7 17.
Kh2 Nf4 18. Rg1 Na5 19. b4 Nxc4 20. Nxc4 Ng6 21. Qd2 Nxh4 22. Nxh4 O-O-O 23. b5 d5 24. Na5 dxe4 25. bxa6 bxa6 26. Qb2 Bb6 27. Nc4 Qe7 28. g3 Qc5 29. Nxb6+ Qxb6 30. Qxb6 cxb6 31. dxe4 Rd3 32.
Rac1 Rgd8 33. Rgf1 Rd2 34. Kg1 Ra2 35. f4 Rdd2 36.
fxe5 Be6 37. Rf6 h5 38. Rh6 Rd3 39. Nf5 Kc7 40. Rxh5 Rxa4 41. Rh4 Bxf5 42. exf5 Rxg3+ 43. Kf2 Rxh4 44. Kxg3 Re4 45. e6 fxe6 46. f6 Kd7 47. Rh1 Ke8 48. Rh7 b5 49. Ra7 Rc4 50. Rxa6 Kf7 51.
Ra3 Kxf6 52. Rb3 e5 53. Rxb5 Rxc3+ 54. Kf2 Kf5 55. Rb4 e4 56. Ke2 Kf4 57. Rb2 Rh3 58. Rb4 Rh2+ 59. Kf1 Kf3 60. Kg1 Ra2 61.
Rb8 e3 62. Rf8+ Ke2 63. Rd8 Ra7 64. Rb8 Rg7+ 65. Kh2 Kf2 66. Rf8+ Ke1 67. Ra8 e2 68. Ra1+ Kf2 0-1

[Event "*** Qualifier 4: Titled Tuesday 3|2 Blitz"]
[Site "Chess.com"]
[Date "2017.04.25"]
[Round "2"]
[White "abubakrtagelsir"]
[Black "feigelag"]
[Result "0-1"]
[WhiteElo "2128"]
[BlackElo "2274"]
[TimeControl "180+2"]
[EndTime "13:24:02 PDT"]
[Termination "feigelag won by checkmate"]

1. e4 c5 2. Nc3 a6 3. f4 b5 4. Nf3 e6 5. d4 cxd4 6. Qxd4 Nc6 7. Qf2 d6 8. Bd3 Nf6 9. h3 Bb7 10. O-O Be7 11. Be3 O-O 12. a4 b4 13. Nb1 Rc8 14. Nbd2 d5 15. e5 d4 16. Nxd4 Nd5 17. Nxc6 Rxc6 18. Bd4 f5 19. exf6 Bxf6 20. Bxf6 Qxf6 21.
Qa7 Rc7 22. Ne4 Qe7 23. Qd4 Nxf4 24. Qe5 Bxe4 25. Qxe4 g5 26. Rae1 a5 27. Kh1 Qd6 28.
Bc4 Kg7 29. Bb3 Nh5 30. Qe5+ Qxe5 31. Rxe5 Rxf1+ 32. Kh2 Rf5 33. Rxe6 Rfc5 34. Re4 Nf6 35. Re6 h6 36. Ra6 R7c6 37. Ra7+ Kg6 38. g4 Rxc2+ 39.
Kg3 R2c3+ 40. bxc3 Rxc3+ 41. Kf2 Rxb3 42. Rxa5 Ne4+ 43. Kg2 Ra3 44. Ra6+ Nf6 45. a5 b3 46. Rb6 Ra2+ 47. Kg3 Rxa5 48. Rxb3 Ne4+ 49. Kg2 Ra2+ 50. Kg1 Rc2 51. Rb6+ Kg7 52. Rb3 Rc3 53. Rb7+ Kf6 54. Rb6+ Ke5 55. Rxh6 Kf4 56. Kg2 Rc2+ 57. Kf1 Kf3 58. Kg1 Nf2 59. Rf6+ Kg3 60. Kf1 Nxh3 61.
Ke1 Nf4 62. Rf5 Kxg4 63. Rb5 Rh2 64. Kf1 Ra2 65. Kg1 Kh4 66. Rb8 g4 67. Rg8 Kg3 68. Kf1 Ra1# 0-1

[Event "*** Qualifier 4: Titled Tuesday 3|2 Blitz"]
[Site "Chess.com"]
[Date "2017.04.25"]
[Round "2"]
[White "Malev212"]
[Black "igorkovalenko"]
[Result "1/2-1/2"]
[WhiteElo "2440"]
[BlackElo "2651"]
[TimeControl "180+2"]
[EndTime "13:24:54 PDT"]
[Termination "Game drawn by agreement"]

1. e4 c5 2. Nf3 e6 3. d4 cxd4 4.
Nxd4 Nc6 5. Nc3 Qc7 6. g3 a6 7. Bg2 Nf6 8. O-O Nxd4 9. Qxd4 Bc5 10. Bf4 d6 11. Qd2 Ng4 12. Rad1 Ne5 13. Na4 Ba7 14. Qxd6 Qxd6 15. Rxd6 Nc4 16. Rd3 b5 17. b3 e5 18. bxc4 exf4 19. e5 Rb8 20. Bc6+ Ke7 21. cxb5 axb5 22. Nc3 Bf5 23. Nd5+ Kf8 24. Rf3 Bxc2 25. Rxf4 g5 26. Rf6 Kg7 27. e6 fxe6 28. Rxe6 Bd4 29. Re7+ Kh6 30. Rfe1 Rhc8 31. R1e6+ Bg6 32.
Kg2 b4 33. f4 gxf4 34. Nxf4 Bc5 35. Rd7 Rxc6 36. Rxc6 Bf8 37. Nxg6 hxg6 38. Rd2 b3 39.
axb3 Rxb3 40. Re2 Rb7 41. h4 Kh7 42. Ree6 Rg7 43. Kh3 Bb4 44. Kg4 Ba3 45. Re3 Bf8 46. Rec3 Rg8 47. Rc7+ Bg7 48. Rd7 Kh6 49. Rcc7 Kh7 50.
Kg5 Kh8 51. Kg4 Kh7 52. Rb7 Kh6 53. Rdc7 Kh7 54. Rc6 Rd8 55. Rcc7 Rg8 56. Kh3 Kh6 57. g4 Kh7 58. g5 Kh8 59. Kg4 Rd8 60. Kf3 Re8 61.
h5 Be5 62. Re7 Rf8+ 63. Ke4 Bc3 64. hxg6 Kg8 65. Rec7 Ba1 66. g7 Re8+ 67. Re7 Rd8 68. Re6 Rc8 69. Rh6 Bxg7 70. Rg6 Re8+ 71. Kf5 Kh8 72.
Rgb6 Kh7 73. Rh6+ Kg8 74. Rhb6 Kh7 75. Rb8 Re5+ 76. Kf4 Re1 77. R6b7 Rf1+ 78. Kg4 Rg1+ 79. Kf5 Rf1+ 80. Ke4 Re1+ 81. Kf4 Rf1+ 82. Ke3 Rg1 83. Kf4 Rf1+ 84. Ke3 Rg1 85. Rb5 Kg6 86. R8b6+ Kh5 87. Kf4 Rf1+ 88. Kg3 Rg1+ 89. Kf4 Rg4+ 90. Kf3 Rxg5 1/2-1/2

[Event "*** Qualifier 4: Titled Tuesday 3|2 Blitz"]
[Site "Chess.com"]
[Date "2017.04.25"]
[Round "3"]
[White "IIIlllII1llIl"]
[Black "Konavets"]
[Result "0-1"]
[WhiteElo "2540"]
[BlackElo "2699"]
[TimeControl "180+2"]
[EndTime "13:27:20 PDT"]
[Termination "Konavets won by resignation"]

1. e4 e5 2. Nf3 Nc6 3. d4 exd4 4.
Nxd4 Nf6 5. Nxc6 bxc6 6. e5 Qe7 7. Qe2 Nd5 8. Nd2 g6 9. Ne4 Bg7 10. c4 Ba6 11. Bg5 Qxe5 12. Bf6 Nxf6 13. Nxf6+ Bxf6 0-1

[Event "*** Qualifier 4: Titled Tuesday 3|2 Blitz"]
[Site "Chess.com"]
[Date "2017.04.25"]
[Round "3"]
[White "Quiet_Desperation"]
[Black "MateusViageiro"]
[Result "0-1"]
[WhiteElo "2140"]
[BlackElo "2275"]
[TimeControl "180+2"]
[EndTime "13:29:04 PDT"]
[Termination "MateusViageiro won by resignation"]

1. e4 c5 2. Nf3 d6 3. d4 cxd4 4. Nxd4 Nf6 5. Nc3 a6 6. Bg5 e6 7. f4 Be7 8. Qd2 h6 9. Bxf6 Bxf6 10. O-O-O Be7 11. Kb1 Qc7 12. g4 Bd7 13. h4 Nc6 14.
Nb3 O-O-O 15. Bg2 Kb8 16. Rh3 Na5 17. Ne2 Nc4 18. Qe1 g5 19. Rc3 Bf6 20. e5 dxe5 21. Be4 exf4 22. Ned4 e5 23. Nf3 Bxg4 24. Bd5 Bxf3 25.
Rxc4 Qxc4 0-1

[Event "*** Qualifier 4: Titled Tuesday 3|2 Blitz"]
[Site "Chess.com"]
[Date "2017.04.25"]
[Round "3"]
[White "Rogue_King"]
[Black "matiss90"]
[Result "0-1"]
[WhiteElo "2120"]
[BlackElo "2311"]
[TimeControl "180+2"]
[EndTime "13:29:05 PDT"]
[Termination "matiss90 won by resignation"]

1. d4 Nf6 2. c4 g6 3. Nc3 Bg7 4. e4 d6 5. Be2 O-O 6. Nf3 Na6 7. O-O e5 8. Re1 exd4 9. Nxd4 Nc5 10.
f3 a5 11. Bf1 Re8 12. Be3 c6 13. Qd2 a4 14. Rad1 Qa5 15. Nd5 cxd5 0-1

[Event "*** Qualifier 4: Titled Tuesday 3|2 Blitz"]
[Site "Chess.com"]
[Date "2017.04.25"]
[Round "3"]
[White "MorpheusPro"]
[Black "cailinchetty"]
[Result "1-0"]
[WhiteElo "2032"]
[BlackElo "1940"]
[TimeControl "180+2"]
[EndTime "13:29:05 PDT"]
[Termination "MorpheusPro won by resignation"]

1. e4 c5 2. Nf3 Nc6 3. Nc3 g6 4. Bc4 Bg7 5. O-O e6 6. Re1 d6 7. d3 Nge7 8. a3 a6 9. Ba2 Qc7 10. Bf4 b6 11. Qd2 Bb7 12. Bh6 O-O 13. Qg5 Rfe8 14. Qh4 b5 15. Ng5 Bh8 16. Bf8 Kxf8 17. Qxh7 Bg7 18. Bxe6 Ng8 19. Bxf7 Nf6 20. Qxg6 Re7 21.
Nd5 Rxf7 22. Nxc7 1-0

[Event "*** Qualifier 4: Titled Tuesday 3|2 Blitz"]
[Site "Chess.com"]
[Date "2017.04.25"]
[Round "3"]
[White "EgorGeroev"]
[Black "Ilja_Semjonovs"]
[Result "1-0"]
[WhiteElo "2473"]
[BlackElo "2247"]
[TimeControl "180+2"]
[EndTime "13:29:14 PDT"]
[Termination "EgorGeroev won by resignation"]

1. e4 c5 2. Nf3 d6 3. d4 cxd4 4.
Nxd4 Nf6 5. Nc3 a6 6. Nb3 e5 7. Bg5 Nbd7 8. a4 Be7 9. Bc4 O-O 10. O-O Nb6 11. Bxf6 Bxf6 12. Bd5 Qe7 13. a5 Nd7 14. Nd2 Rb8 15. Nc4 Rd8 16. Nxd6 Nc5 17. Nxf7 Rxd5 18. Qxd5 Be6 19. Qd6 Bxf7 20. Qxb8+ 1-0

[Event "*** Qualifier 4: Titled Tuesday 3|2 Blitz"]
[Site "Chess.com"]
[Date "2017.04.25"]
[Round "3"]
[White "indfraeng"]
[Black "FLchessplayer"]
[Result "1-0"]
[WhiteElo "1784"]
[BlackElo "2016"]
[TimeControl "180+2"]
[EndTime "13:30:01 PDT"]
[Termination "indfraeng won by resignation"]

1. d4 Nf6 2. c4 c5 3. d5 d6 4. Nc3 e6 5. e4 e5 6. f4 exf4 7. Bxf4 a6 8. Nf3 Nbd7 9. Bd3 h6 10.
O-O Qe7 11. Re1 g5 12. e5 dxe5 13. Nxe5 gxf4 14. Nxd7 Bxd7 15. Rxe7+ Bxe7 16. Qe2 Kf8 17. Ne4 Nxe4 18. Qxe4 Re8 19. Qxf4 Bg5 20. Qd6+ Kg8 21. Qxd7 1-0

[Event "*** Qualifier 4: Titled Tuesday 3|2 Blitz"]
[Site "Chess.com"]
[Date "2017.04.25"]
[Round "3"]
[White "rubhani"]
[Black "igorkovalenko"]
[Result "1-0"]
[WhiteElo "2410"]
[BlackElo "2638"]
[TimeControl "180+2"]
[EndTime "13:30:04 PDT"]
[Termination "rubhani won by resignation"]

1. e4 e6 2. d4 d5 3. Nd2 Nf6 4. e5 Nfd7 5. Bd3 c5 6. c3 Nc6 7.
Ne2 cxd4 8. cxd4 f6 9. exf6 Qxf6 10. Nf3 Bd6 11. O-O h6 12. Ng3 O-O 13. a3 Rf7 14. Nh5 Qe7 15. Re1 Nf8 16. Ne5 Nxe5 17. dxe5 Bc5 18. Be3 Bxe3 19. Rxe3 Bd7 20. Rg3 Rc8 21. Qd2 Qh4 22. Nf6+ Kh8 23. Rg4 Qxg4 24. Nxg4 Be8 25. Rc1 Rfc7 26. Rxc7 Rxc7 27. h3 Kg8 28. Qe3 b6 29.
Qg3 Kh8 30. Qf4 Kg8 31. Ne3 Rc1+ 32. Kh2 Rc7 33. Nc2 Bg6 34. Bxg6 Nxg6 35. Qg4 Nf8 36. Nd4 Kf7 37. f4 g6 38. h4 Rc5 39. h5 gxh5 40.
Qxh5+ Ke7 41. Qxh6 Rc4 42. Qg7+ Ke8 43. Nb5 Rxf4 44.
Nd6+ Kd8 45. Qg5+ 1-0

[Event "*** Qualifier 4: Titled Tuesday 3|2 Blitz"]
[Site "Chess.com"]
[Date "2017.04.25"]
[Round "3"]
[White "Enzy63"]
[Black "TregubovP"]
[Result "0-1"]
[WhiteElo "2022"]
[BlackElo "2074"]
[TimeControl "180+2"]
[EndTime "13:30:08 PDT"]
[Termination "TregubovP won by resignation"]

1. d4 Nf6 2. Nf3 c5 3. d5 b5 4. Bg5 Qb6 5. Bxf6 Qxf6 6. c3 g6 7. e4 Qb6 8. Nbd2 Bg7 9. Be2 O-O 10. O-O d6 11. a4 b4 12. Nc4 Qc7 13. e5 dxe5 14.
Nfxe5 Bxe5 15. d6 Bxd6 16. Nxd6 exd6 17. Bf3 Bb7 18. Bxb7 Qxb7 19. Qxd6 Qc6 20. Rad1 Qxd6 21. Rxd6 Rc8 22. cxb4 cxb4 23. Rfd1 Nc6 24. h4 h5 25.
Rc1 Ne5 26. Rxc8+ Rxc8 0-1

[Event "*** Qualifier 4: Titled Tuesday 3|2 Blitz"]
[Site "Chess.com"]
[Date "2017.04.25"]
[Round "3"]
[White "Aygehovit1992"]
[Black "aRk_iN"]
[Result "1-0"]
[WhiteElo "2468"]
[BlackElo "2097"]
[TimeControl "180+2"]
[EndTime "13:30:22 PDT"]
[Termination "Aygehovit1992 won on time"]

1. e4 c5 2. Nf3 e6 3. d4 cxd4 4.
Nxd4 Nc6 5. Nc3 Qc7 6. Be3 Nf6 7. Qf3 a6 8. O-O-O Bb4 9. Nxc6 Qxc6 10. Bd4 Bxc3 11.
Bxc3 Nxe4 12. Bxg7 Rg8 13. Bd4 d5 14. Bd3 Bd7 15.
Qh5 O-O-O 16. f3 Nc5 17. Bxh7 Rxg2 18. Qxf7 e5 19. Bxe5 1-0

[Event "*** Qualifier 4: Titled Tuesday 3|2 Blitz"]
[Site "Chess.com"]
[Date "2017.04.25"]
[Round "3"]
[White "TheLancer"]
[Black "iturrizaga"]
[Result "0-1"]
[WhiteElo "2382"]
[BlackElo "2649"]
[TimeControl "180+2"]
[EndTime "13:30:33 PDT"]
[Termination "iturrizaga won by resignation"]

1. e4 c5 2. Nf3 g6 3. d4 cxd4 4.
Qxd4 Nf6 5. e5 Nc6 6. Qa4 Nd5 7. Qe4 Nb6 8. Nc3 Bg7 9. Bf4 O-O 10. Be2 d5 11.
exd6 exd6 12. Qd3 Bf5 13. Qd2 d5 14. O-O Nc4 15. Qc1 Re8 16. Bd3 Bg4 17. Nd2 b5 18. Re1 Rxe1+ 19. Qxe1 Nxb2 20. Rc1 Bxc3 0-1

[Event "*** Qualifier 4: Titled Tuesday 3|2 Blitz"]
[Site "Chess.com"]
[Date "2017.04.25"]
[Round "3"]
[White "hansen"]
[Black "NMJeevanK"]
[Result "1-0"]
[WhiteElo "2650"]
[BlackElo "2394"]
[TimeControl "180+2"]
[EndTime "13:30:58 PDT"]
[Termination "hansen won by checkmate"]

1. e4 e5 2. Nf3 Nc6 3. Bb5 a6 4.
Ba4 Nf6 5. O-O Be7 6. Re1 b5 7. Bb3 d6 8. c3 O-O 9. h3 Na5 10. Bc2 c5 11. d4 Qc7 12. Bd2 Nc4 13. Bc1 Ne8 14. b3 Nb6 15. Nbd2 Bb7 16. Nf1 Rc8 17. Ne3 cxd4 18. cxd4 Bf6 19. Bb2 exd4 20. Nxd4 d5 21. Rc1 Qd8 22. e5 Bg5 23. Qh5 g6 24. Qf3 Ng7 25. Ng4 Bxc1 26. Bxc1 Nd7 27. Nh6+ Kh8 28. Nxf7+ Rxf7 29. Qxf7 Rc7 30. Bh6 Nh5 31. Ne6 Qc8 32. Bg7+ Nxg7 33. Qxg7# 1-0

[Event "*** Qualifier 4: Titled Tuesday 3|2 Blitz"]
[Site "Chess.com"]
[Date "2017.04.25"]
[Round "3"]
[White "Winehouse83"]
[Black "FearlessKing64"]
[Result "1-0"]
[WhiteElo "2278"]
[BlackElo "2106"]
[TimeControl "180+2"]
[EndTime "13:31:12 PDT"]
[Termination "Winehouse83 won by resignation"]

1. d4 Nf6 2. c4 g6 3. Nc3 d5 4.
Nf3 Bg7 5. Bf4 O-O 6. Rc1 c6 7. e3 Bf5 8. h3 Ne4 9. Qb3 Nxc3 10.
bxc3 dxc4 11. Qxb7 Nd7 12. Bxc4 Be4 13. Be2 Nf6 14.
O-O c5 15. Qc7 cxd4 16. Qxd8 Rfxd8 17. cxd4 Nd5 18. Bg3 Rac8 19. Ba6 Rc3 20. Ne5 Ra3 21.
Bc4 Nb6 22. Bxf7+ Kh8 23. Bb3 Rxb3 24. axb3 Bd5 25. Ra1 Bxb3 26. Rxa7 Re8 27. Rb1 1-0

[Event "*** Qualifier 4: Titled Tuesday 3|2 Blitz"]
[Site "Chess.com"]
[Date "2017.04.25"]
[Round "3"]
[White "Shivagami"]
[Black "silverback96"]
[Result "0-1"]
[WhiteElo "1933"]
[BlackElo "2045"]
[TimeControl "180+2"]
[EndTime "13:31:14 PDT"]
[Termination "silverback96 won by resignation"]

1. d4 Nf6 2. Bf4 c5 3. e3 e6 4. c3 d5 5. Nd2 Nc6 6. Ngf3 cxd4 7. exd4 Nh5 8. Be3 Bd6 9. Bd3 Nf4 10. Bxf4 Bxf4 11.
Nb3 O-O 12. O-O e5 13. dxe5 Nxe5 14. Nxe5 Bxe5 15. Bxh7+ Kxh7 16. Qh5+ Kg8 17. Qxe5 Re8 18. Qd4 Re2 19. Nd2 Qg5 20. Nf3 Qh5 21. b3 Bg4 22. Nd2 Qg5 23. f4 Qg6 24. Qxd5 Be6 25. Qxb7 Rd8 26. f5 Bxf5 27. Nc4 Be4 28. Qxf7+ Qxf7 29. Rxf7 Kxf7 30. Ne5+ Ke6 31. Nc4 Rxg2+ 32. Kf1 Rf8+ 33. Ke1 Bd3 34. Ne3 Rg1+ 0-1

[Event "*** Qualifier 4: Titled Tuesday 3|2 Blitz"]
[Site "Chess.com"]
[Date "2017.04.25"]
[Round "3"]
[White "bugsbunny444"]
[Black "rasmussvane"]
[Result "0-1"]
[WhiteElo "2365"]
[BlackElo "2524"]
[TimeControl "180+2"]
[EndTime "13:31:26 PDT"]
[Termination "rasmussvane won by resignation"]

1. Nf3 d5 2. c4 e6 3. g3 dxc4 4.
Bg2 a6 5. Qc2 b5 6. Ne5 Ra7 7.
d3 cxd3 8. Nxd3 Bb7 9. O-O Nd7 10. Be3 Bxg2 11. Kxg2 c5 12. b4 Rc7 13. bxc5 Ngf6 14.
Rc1 Be7 15. Nd2 O-O 16. Nb3 Qa8+ 17. f3 a5 18. a4 b4 19. Nd4 Nd5 20. Bd2 Nxc5 21.
Nb5 Rcc8 22. e4 Nxe4 0-1

[Event "*** Qualifier 4: Titled Tuesday 3|2 Blitz"]
[Site "Chess.com"]
[Date "2017.04.25"]
[Round "3"]
[White "jcibarra"]
[Black "Malev212"]
[Result "1-0"]
[WhiteElo "2681"]
[BlackElo "2435"]
[TimeControl "180+2"]
[EndTime "13:31:29 PDT"]
[Termination "jcibarra won by resignation"]

1. e4 g6 2. d4 Bg7 3. Nf3 d6 4. Bc4 Nf6 5. Qe2 O-O 6. e5 dxe5 7. dxe5 Nd5 8. h3 Nb6 9. Bb3 Nc6 10. e6 Bxe6 11. Bxe6 fxe6 12. O-O e5 13. c3 Qc8 14. Nbd2 Qf5 15. Re1 Rad8 16. Ne4 h6 17. Nc5 Rd5 18. Ne4 Qf7 19. b3 Nc8 20. Bb2 Rdd8 21.
Nc5 Nd6 22. Rad1 a5 23. a4 b6 24. Na6 Rc8 25. c4 e4 26. Nh2 h5 27. Bxg7 Kxg7 28. c5 Nf5 29. Qxe4 Ncd4 30. Rxd4 Nxd4 31. Qxd4+ Kg8 32.
Nf3 1-0

[Event "*** Qualifier 4: Titled Tuesday 3|2 Blitz"]
[Site "Chess.com"]
[Date "2017.04.25"]
[Round "3"]
[White "rasool78"]
[Black "GMOratovsky"]
[Result "0-1"]
[WhiteElo "2230"]
[BlackElo "2313"]
[TimeControl "180+2"]
[EndTime "13:31:39 PDT"]
[Termination "GMOratovsky won by resignation"]

1. e4 d6 2. Nc3 Nf6 3. g3 e5 4. Bg2 c6 5. h3 b5 6. d3 Be7 7.
Nf3 O-O 8. O-O a5 9. Nh2 Nbd7 10. f4 Ba6 11. Kh1 b4 12. Ne2 d5 13. fxe5 Nxe5 14.
exd5 Nxd5 15. Nf4 Nxf4 16. gxf4 Ng6 17. f5 Ne5 18. Ng4 Nxg4 19. Qxg4 Bf6 20. Bxc6 Rc8 21. Be4 Rxc2 22. Rg1 Bxd3 23. Bh6 Bxe4+ 24. Qxe4 Qc7 25. Bf4 Qc6 26. Qxc6 Rxc6 27. Rac1 Rxc1 28. Rxc1 Bxb2 29. Rc5 a4 30. Ra5 a3 31. Rb5 Bc3 32. Bd6 Rd8 33. Bxb4 Bxb4 34. Rxb4 h5 35. Rb3 Rd1+ 36. Kg2 Rd2+ 37.
Kg3 Rxa2 38. Rb8+ Kh7 39. Kh4 Rf2 40. Rb5 Rf4+ 41. Kxh5 a2 42. Ra5 Rxf5+ 43. Rxf5 g6+ 0-1

[Event "*** Qualifier 4: Titled Tuesday 3|2 Blitz"]
[Site "Chess.com"]
[Date "2017.04.25"]
[Round "3"]
[White "DanielNaroditsky"]
[Black "Ibtihal24"]
[Result "1-0"]
[WhiteElo "2698"]
[BlackElo "1503"]
[TimeControl "180+2"]
[EndTime "13:31:40 PDT"]
[Termination "DanielNaroditsky won on time"]

1. e4 c5 2. Nf3 Nc6 3. Bb5 g6 4.
h4 d6 5. h5 g5 6. Nxg5 Bd7 7. Nc3 Nf6 8. h6 Ng4 9. Bc4 Nce5 10. d3 Nxc4 11. dxc4 Nf6 12. Nd5 Bc6 13.
b3 e6 14. Bb2 Be7 15. Qf3 exd5 16. exd5 Bd7 17. O-O-O Qa5 18. Bxf6 Qxa2 19. Rhe1 O-O-O 20. Bxe7 Rde8 21. Nxf7 Rhg8 22. Nxd6+ Kb8 23. Nxe8 Qa1+ 24. Kd2 Qd4+ 25. Qd3 Qf4+ 26. Qe3 Qxe3+ 27. Rxe3 Bxe8 28. Rde1 Bd7 29. Bd6+ Ka8 30. Re7 1-0